 Dungeon Crawl Stone Soup version 0.19.5 (webtiles) character file.

40334 greprep the Unseen (level 13, -6/66 HPs)
             Began as a Spriggan Enchanter on May 11, 2017.
             Was a Believer of Ashenzari.
             Shot with an arrow by a centaur warrior (8 damage)
             ... on level 15 of the Dungeon.
             The game lasted 01:14:45 (18482 turns).

greprep the Unseen (Spriggan Enchanter)            Turns: 18482, Time: 01:14:45

Health: -6/66      AC: 10    Str:  4    XL:     13   Next: 74%
Magic:  14/27      EV: 21    Int: 18    God:    Ashenzari [**....]
Gold:   1011       SH:  0    Dex: 20    Spells: 4 memorised, 21 levels left

rFire  . . .     SeeInvis +     f - +8 quick blade (curse)
rCold  . . .     Gourm    .     A - +4 troll leather armour (curse) {Purgy}
rNeg   . . .     Faith    .     (shield restricted)
rPois  .         Spirit   .     (helmet restricted)
rElec  .         Reflect  .     D - +0 cloak (curse)
rCorr  .         Harm     .     (gloves unavailable)
MR     ++...     Clarity  +     (boots unavailable)
Stlth  ++++......               q - amulet of regeneration (curse)
                                k - ring of stealth (curse)
                                Y - ring of wizardry (curse)

@: liquid flames, glowing, very quick
A: unfitting armour, beak, see invisible, clarity, herbivore 3, speed 3, slow
metabolism 2
a: Curse Item, Scrying, Renounce Religion


You were on level 15 of the Dungeon.
You worshipped Ashenzari.
Ashenzari was pleased with you.
You were not hungry.

You visited 1 branch of the dungeon, and saw 15 of its levels.
You also visited: Labyrinth.

You collected 1011 gold pieces.

Inventory:

Hand Weapons
 a - the +3 dagger "Rialowou" {pierce, Int+4}
   (You found it on level 4 of the Dungeon)

   It inflicts extra damage upon your enemies.
   It affects your intelligence (+4).
 f - a cursed +8 quick blade (weapon)
Armour
 d - a +2 robe of positive energy
 t - a +2 robe of cold resistance
 A - a cursed +4 troll leather armour (worn) {Purgy}
 D - a cursed +0 cloak (worn)
Jewellery
 i - an uncursed ring of positive energy
 k - a cursed ring of stealth (right hand)
 q - a cursed amulet of regeneration (around neck)
 G - an uncursed amulet of faith
 N - an uncursed amulet of rage
 T - an uncursed ring of protection from cold
 U - an uncursed ring of resist corrosion
 Y - a cursed ring of wizardry (left hand)
Wands
 b - a wand of slowing (28/48)
 g - a wand of paralysis (18/24)
 n - a wand of disintegration (12/24)
 v - a wand of acid (9/15)
 y - a wand of polymorph (12/24)
 Q - a wand of lightning (7/15)
 V - a wand of iceblast (3/15)
 W - a wand of disintegration (5/24)
Scrolls
 p - a scroll of noise {unknown}
 r - a scroll of teleportation
 H - a scroll of fear
 M - 2 scrolls of magic mapping
 O - a scroll of summoning {unknown}
 S - a scroll of acquirement {unknown}
 Z - a scroll of enchant weapon {unknown}
Potions
 e - 2 potions of cancellation
 j - 4 potions of flight
 m - 4 potions of curing
 s - a potion of mutation
 u - a potion of magic {unknown}
 w - 2 potions of might
 x - 4 potions of agility
 B - a potion of brilliance {unknown}
 I - 2 potions of lignification
 R - a potion of ambrosia {unknown}
Books
 c - a book of Maledictions

   Spells                             Type                      Level
   a - Corona                         Hexes                        1
   b - Ensorcelled Hibernation        Hexes/Ice                    2
   c - Confuse                        Hexes                        3
   d - Tukima's Dance                 Hexes                        3
   e - Dazzling Spray                 Conjuration/Hexes            3
 F - a book of Cantrips

   Spells                             Type                      Level
   a - Confusing Touch                Hexes                        1
   b - Animate Skeleton               Necromancy                   1
   c - Summon Small Mammal            Summoning                    1
   d - Apportation                    Translocation                1
 J - a book of Frost

   Spells                             Type                      Level
   a - Freeze                         Ice                          1
   b - Throw Frost                    Conjuration/Ice              2
   c - Ozocubu's Armour               Charms/Ice                   3
   d - Throw Icicle                   Conjuration/Ice              4
   e - Summon Ice Beast               Ice/Summoning                4
 K - a book of Minor Magic

   Spells                             Type                      Level
   a - Magic Dart                     Conjuration                  1
   b - Blink                          Translocation                2
   c - Call Imp                       Summoning                    2
   d - Repel Missiles                 Charms/Air                   2
   e - Slow                           Hexes                        2
   f - Conjure Flame                  Conjuration/Fire             3
   g - Mephitic Cloud                 Conjuration/Poison/Air       3
 L - a book of Air

   Spells                             Type                      Level
   a - Shock                          Conjuration/Air              1
   b - Swiftness                      Charms/Air                   2
   c - Repel Missiles                 Charms/Air                   2
   d - Static Discharge               Conjuration/Air              3
   e - Lightning Bolt                 Conjuration/Air              5
 P - a book of Flames

   Spells                             Type                      Level
   a - Flame Tongue                   Conjuration/Fire             1
   b - Throw Flame                    Conjuration/Fire             2
   c - Conjure Flame                  Conjuration/Fire             3
   d - Inner Flame                    Hexes/Fire                   3
   e - Sticky Flame                   Conjuration/Fire             4
   f - Fireball                       Conjuration/Fire             5
 X - a book of the Sky

   Spells                             Type                      Level
   a - Summon Lightning Spire         Summoning/Air                4
   b - Airstrike                      Air                          4
   c - Silence                        Hexes/Air                    5
   d - Deflect Missiles               Charms/Air                   6
   e - Conjure Ball Lightning         Conjuration/Air              6
   f - Tornado                        Air                          9
Miscellaneous
 h - a crystal ball of energy
 C - a lamp of fire
Comestibles
 l - 10 royal jellies
 o - 6 bread rations


   Skills:
 * Level 6.9 Fighting
 * Level 9.6(11.8) Short Blades
   Level 0.5(4.5) Long Blades
 * Level 5.8 Armour
 + Level 4.9(6.3) Dodging
 * Level 20.7(21.7) Stealth
 + Level 9.4 Spellcasting
 + Level 0.1(0.4) Conjurations
 + Level 9.8(11.9) Hexes
 + Level 4.6(6.8) Ice Magic
 + Level 3.3(5.3) Poison Magic


You had 21 spell levels left.
You knew the following spells:

 Your Spells              Type           Power        Failure   Level  Hunger
a - Corona                Hex            ######.      1%          1    None
b - Ensorcelled Hibernat  Hex/Ice        #####.       1%          2    None
c - Confuse               Hex            ######..     1%          3    None
d - Mephitic Cloud        Conj/Pois/Air  ###.....     9%          3    None


Dungeon Overview and Level Annotations

Branches:
Dungeon (15/15)            Temple (0/1) D:7            Lair (0/6) D:8
    Orc (0/2) D:9          Vaults (0/5) D:14         Depths (0/5) D:15

Altars:
Ashenzari
Cheibriados
Elyvilon
Qazlal
Uskayaw
Vehumet
Xom

Shops:
D:6 =   D:10 (

Annotations:
D:12 exclusions: obsidian statue and orange crystal statue


Innate Abilities, Weirdness & Mutations

You are very small and have problems with some larger weapons.
You are too small for most types of armour.
You have supernaturally acute eyesight. (SInv)
You are a herbivore.
You cover ground extremely quickly.
You need consume almost no food.
You have a beak for a mouth.
You possess an exceptional clarity of mind.


Message History

The centaur warrior shoots an arrow.
The arrow hits you!
* * * LOW HITPOINT WARNING * * *
A freezing wraith opens the door.
Found four items.
You see here 2 arrows.
You feel much better.
You are covered in liquid flames!
The centaur warrior shoots an arrow.
The arrow hits you!!
* * * LOW HITPOINT WARNING * * *
The deep elf mage casts a spell at you. The sticky flame misses you.
The phantasmal warrior blinks!
The centaur warrior shoots an arrow.
The arrow completely misses you.
The arrow completely misses the deep elf mage.
An orc knight comes into view. It is wielding an enchanted long sword.
You feel much better.
You are covered in liquid flames!
The centaur warrior shoots an arrow.
The arrow hits you!!
* * * LOW HITPOINT WARNING * * *
The centaur warrior shoots an arrow.
The arrow hits you!
You die...

* #......#... ,§)) , ,
#.......... ,..§ ,,
§##..<...#... ). *.T *
}§##.<..#...#. * ).###c##
, §§##..<...#... $.c#...##
.W≈##..........
.....[.##..≈############
,, #.\.....# §######## **
, #...@.+###≈≈≈≈≈§§# ,,
{##Due+#.##)[)$$.≈#
$.#.##..W#.#+...#..?§# ,
≈)...o..'#.#+..[.#..=§# ,
≈}$§!%.##.#+......##§§#
*≈≈≈≈≈≈≈ ##'..O......§§#
*######§##..).)#+#'######+
#≈.§...###.#.####.# , ,
#≈$....+#......#{..


You could see a storm dragon, an orc knight, a red ugly thing, 2 centaur
warriors, a phantasmal warrior, a deep troll earth mage, a freezing wraith, a
deep elf mage and a two-headed ogre (confused).

Vanquished Creatures
  A minotaur (Lab)
  2 fire dragons (D:15)
  4 vault guards (D:14)
  A hydra (D:14)
  4 centaur warriors
  An ogre mage (D:15)
  2 tengu warriors
  The ghost of Yhamm the Poker, a novice DrBe of Trog (D:9)
  Urug (D:11)
  Sonja (D:10)
  5 skeletal warriors (D:12)
  4 unseen horrors
  Pikel (D:4)
  3 hill giants
  A wolf spider zombie (D:14)
  An orc knight (D:15)
  2 ugly things (D:12)
  The ghost of Stendarr the Destroyer, a novice HEAE of Okawaru (D:6)
  Joseph (D:10)
  2 cyclopes
  Maurice (D:8)
  3 gargoyles
  A kobold demonologist (D:13)
  2 centaur skeletons
  A komodo dragon (D:15)
  A two-headed ogre (D:13)
  2 hornets
  2 trolls
  Grinder (D:6)
  9 slime creatures
  A wolf spider simulacrum (D:14)
  5 hippogriffs
  Sigmund (D:2)
  A centaur simulacrum (D:15)
  5 shadows
  2 wraiths
  4 wyverns
  10 yaks
  2 basilisks
  A hungry ghost (D:13)
  Edmund (D:6)
  8 vampire mosquitoes
  3 mottled dragons
  A soldier ant (shapeshifter) (D:13)
  Purgy (D:4)
  3 ice beasts
  A sky beast (D:10)
  10 orc warriors
  A sky beast (shapeshifter) (D:15)
  A necrophage (D:8)
  A black bear (D:9)
  An eye of draining (D:8)
  4 phantoms
  A boggart (shapeshifter) (D:14)
  8 ogres
  13 centaurs
  2 crocodiles
  11 bullfrogs
  Blork the orc (D:4)
  A wyvern skeleton (D:12)
  2 scorpions
  9 wights (D:10)
  4 electric eels
  9 howler monkeys
  2 bullfrog zombies
  4 crimson imps
  7 jellies
  2 centaur zombies
  2 quasits
  2 hounds
  8 orc priests
  9 orc wizards
  Jessica (D:2)
  2 bullfrog skeletons
  3 iguanas
  8 worker ants
  A worker ant zombie (D:8)
  2 howler monkey zombies
  10 adders
  A shadow imp (D:14)
  5 oozes (D:9)
  An adder zombie (D:6)
  2 worms (D:2)
  A dart slug (D:2)
  8 leopard geckos
  56 orcs
  4 ball pythons
  8 bats
  2 giant cockroaches
  5 goblins
  4 hobgoblins
  11 jackals
  4 quokkas
  6 frilled lizards
  A jackal skeleton (D:4)
  9 kobolds
  A quokka zombie (D:6)
  5 rats
388 creatures vanquished.

Vanquished Creatures (others)
  2 plants (D:7)
2 creatures vanquished.

Grand Total: 390 creatures vanquished

Notes
Turn   | Place    | Note
-------+----------+-------------------------------------------
     0 | D:1      | greprep the Spriggan Enchanter began the quest for the Orb.
     0 | D:1      | Reached XP level 1. HP: 9/9 MP: 5/5
   665 | D:1      | Reached XP level 2. HP: 13/13 MP: 6/6
   669 | D:1      | Learned a level 2 spell: Ensorcelled Hibernation
  1549 | D:2      | Reached skill level 5 in Stealth
  1656 | D:2      | Reached XP level 3. HP: 16/16 MP: 8/8
  1865 | D:2      | Noticed Sigmund
  1907 | D:2      | Killed Sigmund
  1907 | D:2      | Reached skill level 6 in Stealth
  1907 | D:2      | Reached skill level 1 in Ice Magic
  1907 | D:2      | Reached XP level 4. HP: 10/21 MP: 1/10
  1907 | D:2      | Reached XP level 5. HP: 12/25 MP: 1/11
  2550 | D:2      | Noticed Jessica
  3062 | D:2      | Killed Jessica
  3248 | D:2      | Reached skill level 7 in Stealth
  3411 | D:2      | Reached XP level 6. HP: 28/29 MP: 7/12
  3856 | D:3      | Learned a level 3 spell: Confuse
  4688 | D:3      | Reached skill level 5 in Hexes
  5218 | D:4      | Reached skill level 1 in Fighting
  5458 | D:4      | Got a brightly glowing zirconium amulet
  5469 | D:4      | Identified the amulet of the Sun {Inacc Str+5} (You found it on level 4 of the Dungeon)
  5523 | D:4      | Got an ivory dagger
  5524 | D:4      | Identified the +3 dagger "Rialowou" {pierce, Int+4} (You found it on level 4 of the Dungeon)
  5540 | D:4      | Noticed Purgy
  5546 | D:4      | Killed Purgy
  5546 | D:4      | Reached skill level 8 in Stealth
  5546 | D:4      | Reached XP level 7. HP: 33/33 MP: 2/14
  5668 | D:4      | Noticed Pikel
  5677 | D:4      | Killed Pikel
  5677 | D:4      | Reached skill level 9 in Stealth
  5677 | D:4      | Reached XP level 8. HP: 37/37 MP: 14/16
  5753 | D:4      | Noticed Blork the orc
  5762 | D:4      | Killed Blork the orc
  6138 | D:4      | Reached skill level 10 in Stealth
  6138 | D:4      | Reached skill level 5 in Spellcasting
  6229 | D:5      | Entered Level 5 of the Dungeon
  7100 | D:6      | Found a shattered altar of Ashenzari.
  7104 | D:6      | Became a worshipper of Ashenzari the Shackled
  7116 | D:6      | You fall through a shaft for 3 floors!
  7130 | D:8      | Reached skill level 11 in Stealth
  7278 | D:8      | Reached skill level 1 in Armour
  7284 | D:8      | Reached XP level 9. HP: 43/43 MP: 10/18
  7351 | D:8      | Found a staircase to the Lair.
  7362 | D:8      | Found Apranong's Magic Scroll Boutique.
  7514 | D:8      | Noticed Maurice
  7522 | D:8      | Killed Maurice
  7522 | D:8      | Reached skill level 12 in Stealth
  7697 | D:8      | Reached skill level 13 in Stealth
  7888 | D:7      | Found a stormy altar of Qazlal.
  7952 | D:7      | Reached skill level 5 in Short Blades
  7953 | D:7      | Reached * piety under Ashenzari
  8014 | D:7      | Found a staircase to the Ecumenical Temple.
  8156 | D:6      | Noticed Edmund
  8165 | D:6      | Killed Edmund
  8201 | D:6      | Noticed Stendarr's ghost (novice HEAE)
  8215 | D:6      | Killed Stendarr's ghost
  8303 | D:6      | Found Zyjas's Jewellery Shop.
  8309 | D:6      | Reached skill level 14 in Stealth
  8344 | D:6      | Noticed Grinder
  8346 | D:6      | Killed Grinder
  8346 | D:6      | Reached XP level 10. HP: 49/49 MP: 20/20
  8956 | D:7      | Found a hide-covered altar of Uskayaw.
  9885 | D:9      | Noticed Yhamm's ghost (novice DrBe)
  9911 | D:9      | Found a staircase to the Orcish Mines.
 10138 | D:9      | Reached ** piety under Ashenzari
 10241 | D:9      | Killed Yhamm's ghost
 10403 | D:9      | Reached skill level 15 in Stealth
 11440 | D:10     | Entered Level 10 of the Dungeon
 11444 | D:10     | Noticed a hill giant
 11469 | D:10     | Killed a hill giant
 11653 | D:10     | Noticed Joseph
 11656 | D:10     | Killed Joseph
 11656 | D:10     | Reached XP level 11. HP: 54/54 MP: 22/22
 11841 | D:10     | Found Hyc Uria's Antique Weapon Emporium.
 11842 | D:10     | Noticed a hill giant
 11863 | D:10     | Killed a hill giant
 12008 | D:10     | Reached skill level 16 in Stealth
 12318 | D:10     | Noticed Sonja
 12322 | D:10     | Killed Sonja
 12371 | D:10     | Gained mutation: You have a beak for a mouth. [potion of beneficial mutation]
 12372 | D:10     | Gained mutation: You possess an exceptional clarity of mind. [potion of beneficial mutation]
 12481 | D:11     | Identified the +6 spear of Awkwardness {pierce, rC++}
 12483 | D:11     | Noticed an unseen horror
 12486 | D:11     | Killed an unseen horror
 12486 | D:11     | Reached skill level 5 in Fighting
 12723 | D:11     | Noticed Urug
 12725 | D:11     | Killed Urug
 13120 | D:12     | Noticed a skeletal warrior
 13120 | D:12     | Noticed a skeletal warrior
 13120 | D:12     | Noticed a skeletal warrior
 13120 | D:12     | Noticed a skeletal warrior
 13120 | D:12     | Noticed a skeletal warrior
 13121 | D:12     | Killed a skeletal warrior
 13121 | D:12     | Reached skill level 17 in Stealth
 13122 | D:12     | Killed a skeletal warrior
 13124 | D:12     | Killed a skeletal warrior
 13126 | D:12     | Killed a skeletal warrior
 13159 | D:12     | Killed a skeletal warrior
 13179 | D:12     | Reached skill level 18 in Stealth
 13285 | D:12     | Noticed an obsidian statue
 13395 | D:12     | Reached XP level 12. HP: 60/60 MP: 9/25
 14121 | D:12     | Reached *** piety under Ashenzari
 14651 | D:12     | Learned a level 3 spell: Mephitic Cloud
 14890 | D:13     | Found a labyrinth entrance.
 14893 | D:13     | Noticed a centaur warrior
 14914 | D:13     | Killed a centaur warrior
 14914 | D:13     | Reached skill level 1 in Poison Magic
 14963 | Lab      | Entered a labyrinth
 15344 | Lab      | Noticed a minotaur
 15411 | Lab      | Killed a minotaur
 15514 | D:13     | Reached skill level 19 in Stealth
 15605 | D:13     | Noticed a centaur warrior
 15619 | D:13     | Killed a centaur warrior
 15999 | D:13     | Reached skill level 5 in Armour
 16472 | D:14     | Found a white marble altar of Elyvilon.
 16816 | D:14     | Found a gate to the Vaults.
 16816 | D:14     | Noticed a vault guard
 16816 | D:14     | Noticed a vault guard
 16816 | D:14     | Noticed a vault guard
 16816 | D:14     | Noticed a vault guard
 16816 | D:14     | Noticed a tengu warrior
 16895 | D:14     | Killed a vault guard
 16895 | D:14     | Reached XP level 13. HP: 53/65 MP: 1/26
 17427 | D:14     | Reached skill level 20 in Stealth
 17702 | D:15     | Entered Level 15 of the Dungeon
 18035 | D:15     | Found a snail-covered altar of Cheibriados.
 18038 | D:15     | Found a shimmering altar of Xom.
 18089 | D:15     | Found a radiant altar of Vehumet.
 18331 | D:15     | Noticed a fire dragon
 18334 | D:15     | Killed a fire dragon
 18442 | D:15     | Noticed a fire dragon
 18446 | D:15     | Killed a fire dragon
 18478 | D:15     | Noticed a storm dragon
 18481 | D:15     | Identified the +1 shortbow of Awowote {speed, Dex+4}
 18481 | D:15     | Identified the +2 plate armour "Tevveefodgh" {*Slow MR+ Regen+}
 18481 | D:15     | HP: 2/66 [centaur warrior/arrow (24)]
 18482 | D:15     | Shot with an arrow by a centaur warrior

Skill      XL: |  1  2  3  4  5  6  7  8  9 10 11 12 13 |
---------------+----------------------------------------+-----
Hexes          | 4 5 6 7 8 9 |  9.8
Stealth        | 5 6 7 8 9 11 14 15 18 19 20 | 20.7
Spellcasting   | 3 4 5 6 7 8 9 |  9.4
Ice Magic      | 1 2 3 4 |  4.6
Short Blades   | 2 3 4 5 6 7 8 9 |  9.6
Fighting       | 1 2 3 4 5 6 |  6.9
Dodging        | 4 |  4.9
Armour         | 1 2 3 4 5 |  5.8
Poison Magic   | 2 3 |  3.3
Long Blades    | |  0.5
Conjurations   | |  0.1

Action                   |  1- 3 |  4- 6 |  7- 9 | 10-12 | 13-15 || total
-------------------------+-------+-------+-------+-------+-------++-------
Melee: Dagger            |    61 |   187 |   105 |   282 |       ||   635
       Scimitar          |       |       |    13 |       |       ||    13
       Peck              |       |       |       |    35 |     7 ||    42
       Quick blade       |       |       |       |   164 |    74 ||   238
 Cast: Corona            |     2 |       |       |       |       ||     2
       Ensorcelled Hiber |    17 |    56 |    32 |   137 |    45 ||   287
       Confuse           |       |     2 |     8 |    78 |    13 ||   101
       Mephitic Cloud    |       |       |       |     3 |     5 ||     8
Invok: Curse Item        |       |       |       |     7 |       ||     7
       Scrying           |       |       |       |    11 |     1 ||    12
Evoke: Wand              |       |       |       |     4 |       ||     4
  Use: Scroll            |       |       |     8 |    20 |       ||    28
       Potion            |       |       |       |     3 |     2 ||     5
 Stab: Sleeping          |    16 |    46 |    44 |   128 |    31 ||   265
       Distracted        |       |     1 |     2 |     3 |     1 ||     7
       Confused          |       |       |     9 |    42 |    13 ||    64
  Eat: Bread ration      |       |     1 |     1 |       |       ||     2
       Pizza             |       |       |     1 |     1 |     1 ||     3
       Fruit             |       |       |       |     2 |       ||     2
Armor: Robe              |     7 |    21 |       |       |       ||    28
       Troll leather arm |       |       |    12 |    31 |     5 ||    48
Dodge: Dodged            |    60 |   177 |    45 |   217 |    33 ||   532
       Rpst.: Scimitar   |       |       |     5 |       |       ||     5
